zfc, chaotic male orcish Barbarian ----- --------- |<..--- ------.......-- |.....---|.........--..| @ --..|....|.---------|..| --.|-.....---- ---- --|[........|--- ----.|....|..----. G -----..|....|... ------ |.)|........ |%%!!| --......--- @ @ ..@.| |........| m -|- ------....-- -- --.---...-|...-- |..|-.........|..-- G |..-...).@......... @ @ -----.)...{..@.----.G G G |..............-- |.-----......@..| G G |..%| --..------- h @ h |...| -- G ----- zfc the Bandit Experience level: 7 Strength: 18 Dexterity: 16 Constitution: 18 Intelligence: 9 Wisdom: 8 Charisma: 6 Health: 0(63) Energy: 11(11) Def: 2 Gold: 438 Moves: 2532 Dungeon seed: MRA5pvANZct5i4g4 Game ID: zfc_1539093838 Your Inventory: Coins $ - 438 gold pieces Weapons a - a blessed +0 two-handed sword (weapon in hands) b - an uncursed +0 axe (alternate weapon; not wielded) t - 7 uncursed +0 darts Armor e - a blessed +0 orcish ring mail (being worn) n - an uncursed +1 dwarvish cloak q - an uncursed +0 pair of iron shoes r - an uncursed +0 dwarvish cloak y - an uncursed +0 pair of iron shoes z - an uncursed +0 helmet Comestibles c - an uncursed food ration d - an uncursed fortune cookie f - an uncursed egg Scrolls k - 2 uncursed scrolls of teleportation l - a cursed scroll of blank paper w - an uncursed scroll of create monster Potions g - a cursed potion of paralysis j - a cursed potion of gain energy u - an uncursed potion of full healing Rings h - an uncursed ring of conflict (on left hand) Wands m - an uncursed wand of create monster (0:12) p - an uncursed wand of polymorph (0:6) Tools i - an uncursed blindfold s - a cursed magic lamp (lit) Spells and supernatural/magical abilities: Name Level Category Fail Memory W - pray for help -- divine ? -- Your skills at the end: Fighting Skills bare handed combat [Basic] Weapon Skills axe [Basic] two-handed sword [Basic] Spellcasting Skills Final Attributes: You were aligned. You were poison resistant. You were blinded. You were telepathic. You had infravision. You caused conflict. You were fast. You are dead. Vanquished creatures: a watchman a wolf an orc shaman a rock piercer 2 shriekers 7 gnome lords 3 gnomish wizards 4 elf zombies a baby crocodile a floating eye 8 dwarves 2 iguanas a coyote 4 hobbits 2 large kobolds a cave spider a red mold 26 gnomes 2 geckos 3 jackals a kobold 2 grid bugs 4 bats a lichen a newt 81 creatures vanquished. Voluntary challenges: You used a wielded weapon 100 times, starting on turn 26. You were illiterate. You never genocided any monsters. You never polymorphed an object. You never changed form. You used no wishes. You never split a pudding. You never wrote Elbereth's name. You violated your moral code, losing 32 points of alignment, starting on turn 2361. Dungeon overview: The Dungeons of Doom: levels 1 to 3 Level 1 a fountain a long staircase Level 2 an altar to Set Level 3 stairs to The Gnomish Mines The Gnomish Mines: levels 4 to 7 Level 4 stairs to The Dungeons of Doom Level 5 Level 6 <- You were here a delicatessen, a fountain Level 7 History has recorded: On T:1 you entered the Dungeons of Doom to retrieve the Amulet of Yendor! On T:232 you reached level 2 of The Dungeons of Doom. On T:618 you reached level 3 of The Dungeons of Doom. On T:676 you advanced to experience level 2. On T:879 you reached level 1 of The Gnomish Mines. On T:897 you advanced to experience level 3. On T:981 you advanced to experience level 4. On T:1075 you advanced to experience level 5. On T:1628 you reached level 2 of The Gnomish Mines. On T:1678 you reached level 4 of The Gnomish Mines. On T:1725 you advanced to experience level 6. On T:2379 you reached level 3 of The Gnomish Mines. On T:2525 you advanced to experience level 7. Score breakdown: Gold: 438 ( 8988 points) Experience: 7 levels (13645 points) Exploration: 7 levels ( 14.58%) (10718 points) Discoveries: 5 items ( 2.03%) ( 4276 points) Valuables value: (no points given unless you survive) Artifact value: 0 ( 0 points) Variety of kills: 25 monsters ( 6.56%) ( 7684 points) Turncount: 2532 turns ( -349 points) Survival: died (score multiplied by 80%) Total score: 35969 Latest messages: The watchman throws a knife! The knife misses the wolf. You are almost hit by a knife. You smite the wolf! The wolf bites! Siboga zaps a runed wand! The magic missile hits the wolf! You kill the wolf! Welcome to experience level 7. You feel quick! Siboga zaps a wand of magic missile! The magic missile hits you! Siboga zaps a wand of magic missile! The magic missile hits you! The watchman drinks a dark potion! Suddenly you cannot see the watchman. It picks up a pair of iron shoes. The watchman drinks a potion of speed! The watchman is suddenly moving faster. The watchman zaps a maple wand! The bolt of lightning hits you! You are blinded by the flash! The bolt of lightning bounces! The bolt of lightning hits you! You die... Final status: Goodbye zfc the Barbarian, killed by a bolt of lightning... You died in The Gnomish Mines on dungeon level 6 with 35969 points, and 438 pieces of gold, after 2532 moves. You were level 7 with a maximum of 63 hit points when you died.